 Dungeon Crawl Stone Soup version 0.29-a0-823-gc37b1572da (webtiles) character file.

Game seed: 16639303131208406889

6 gruber the Insei (level 1, 0/11 (15) HPs)
             Began as a Merfolk Transmuter on July 8, 2022.
             Slain by a quokka (3 damage)
             ... on level 1 of the Dungeon.
             The game lasted 00:00:40 (585 turns).

gruber the Insei (Merfolk Transmuter)                Turns: 585, Time: 00:00:41

HP:   0/11 (15)     AC:  2    Str: 10    XL:     1   Next: 90%
MP:   2/3           EV: 12    Int: 12    God:
Gold: 18            SH:  0    Dex: 14    Spells: 3/4 levels left

rFire   . . .      SeeInvis .     - Unarmed
rCold   . . .      Faith    .   (no shield)
rNeg    . . .      Spirit   .   a - +0 robe
rPois   .          Reflect  .   (helmet currently unavailable)
rElec   .          Harm     .   (no cloak)
rCorr   .          Rampage  .   (no gloves)
Will    .....                   (boots currently unavailable)
Stlth   +.........              (no amulet)
HPRegen 0.03/turn               (no ring)
MPRegen 0.08/turn               (no ring)

@: appendages, very heavily drained
A: horns 2, (nimble swimmer 2), mertail
a: End Transformation


You were on level 1 of the Dungeon.
You had temporarily grown beastly horns.
You visited 1 branch of the dungeon, and saw 1 of its levels.

You collected 18 gold pieces.

Inventory:

Armour
 a - a +0 robe (worn)
Potions
 b - a potion of lignification


   Skills:
 - Level 1.1 Fighting
 - Level 2.6 Dodging
 + Level 3.8 Unarmed Combat
 - Level 2.0 Spellcasting
 - Level 2.6 Transmutations


You had 3 spell levels left.
You knew the following spells:

 Your Spells              Type           Power      Damage    Failure   Level
a - Beastly Appendage     Tmut           14%        N/A       9%          1

Your spell library contained the following spells:

 Spells                   Type           Power      Damage    Failure   Level
 Wereblood                Tmut           7%         N/A       14%         2
 Spider Form              Tmut/Pois      4%         N/A       43%         3
 Ice Form                 Ice/Tmut       4%         N/A       83%         4


Dungeon Overview and Level Annotations

Branches:
Dungeon (1/15)

Altars:


Innate Abilities, Weirdness & Mutations

You have temporarily grown beastly horns.
((You are very nimble when in or above water. (Stealth+, EV+, Speed+++)))
Your lower body shifts to a powerful aquatic tail in water.


Message History

You hit the kobold.
You headbutt the kobold, but do no damage.
The kobold is moderately wounded.
The kobold hits you but does no damage.
You feel drained.
You hit the kobold.
You kill the kobold!
You hear a splash.
Things that are here:
a +2 short sword of draining; a kobold corpse Magic restored.
Your horns disappear.
Your legs become a tail as you enter the water.
Key pressed, stopping explore.
You now have 18 gold pieces (gained 8).
A quokka comes into view.
A quokka is nearby!
A quokka is nearby!
A quokka is nearby!
A hobgoblin comes into view.
The hobgoblin shouts!
An endoplasm comes into view.
The quokka bites you.
The endoplasm quivers.
You hit the hobgoblin.
You kill the hobgoblin!
The quokka bites you.
Unknown command.
The quokka attacks as you move away! The quokka closely misses you.
The quokka attacks as you move away! The quokka bites you.
The quokka misses you. The quokka attacks as you move away!
The quokka bites you.
* * * LOW HITPOINT WARNING * * *
Casting: Beastly Appendage (safe; 9% risk of failure)
Confirm with . or Enter, or press ? or * to list all spells.
You grow a pair of large bovine horns.
The quokka bites you but does no damage.
You closely miss the quokka.
The quokka twitches its whiskers.
The quokka closely misses you. The quokka bites you.
You die...

#..........# #......[.
#..........######........
#........................
###.......###(.#..#.#....
###...#####..#.........
##.........##........
###.#.##.###........
#.#....###........
#@#.##............
#r#.##.##.........
#.#....##.........
#J#.#..##.........
#.#.#..##.........
#.#.#...#.........
#...###...........
###......#.#.#....
#..†.......#.####


You could see an endoplasm and a quokka.

Vanquished Creatures
  A bat (D:1)
  A hobgoblin (D:1)
  2 kobolds (D:1)
  A frilled lizard (D:1)
  A rat (D:1)
6 creatures vanquished.

Notes
Turn   | Place    | Note
-------+----------+-------------------------------------------
     0 | D:1      | gruber the Merfolk Transmuter began the quest for the Orb.
     0 | D:1      | Reached XP level 1. HP: 15/15 MP: 3/3
   585 | D:1      | Slain by a quokka

Illustrated notes

Levels and vault maps discovered:
D:1:      eino_arrival_cavern_b, layout_basic

Action                   || total
-------------------------++-------
Melee: Unarmed           ||    22
       Headbutt          ||     2
 Cast: Beastly Appendage ||     7
Armor: Robe              ||     9
Dodge: Dodged            ||    47

Table legend: (Time is in decaauts)
 A = Elapsed time spent in this place.
 B = Non-inter-level travel time spent in this place.
 C = Inter-level travel time spent in this place.
 D = Time resting spent in this place.
 E = Time spent auto-exploring this place.
 F = Levels seen in this place.
 G = Mean time per level.
                   A        B        C        D        E       F      G
               +--------+--------+--------+--------+--------+-----+--------+
         Total |    573 |    573 |      0 |    171 |    314 |   1 |  573.0 |
       Dungeon |    573 |    573 |      0 |    171 |    314 |   1 |  573.0 |
               +--------+--------+--------+--------+--------+-----+--------+

Top non-repeatable levels by time:
     D:1: 573 daAuts
